 Dungeon Crawl Stone Soup version 0.21.1-1-g345015f (webtiles) character file.

777 tidbits the Martial Artist (level 7, -1/56 HPs)
             Began as a Gnoll Transmuter on Feb 14, 2018.
             Slain by a hippogriff (7 damage)
             ... on level 7 of the Dungeon.
             The game lasted 00:12:46 (1254 turns).

tidbits the Martial Artist (Gnoll Transmuter)       Turns: 1254, Time: 00:12:47

Health: -1/56      AC:  3    Str: 12      XL:     7   Next: 84%
Magic:  11/17      EV: 16    Int: 17      God:
Gold:   52         SH:  0    Dex: 14 (16) Spells: 9/20 levels left

rFire    . . .     SeeInvis .     - Unarmed
rCold    . . .     Gourm    .   (shield currently unavailable)
rNeg     . . .     Faith    .   b - +0 robe
rPois    .         Spirit   .   (no helmet)
rElec    .         Reflect  .   (no cloak)
rCorr    .         Harm     .   (gloves currently unavailable)
MR       .....                  F - +0 pair of boots
Stlth    +++.......             (no amulet)
HPRegen  0.18/turn              k - ring of flight
MPRegen  0.15/turn              (no ring)

@: blade hands
A: distributed training, fangs 1, strong nose
a: End Transformation, Evoke Flight


You were on level 7 of the Dungeon.
You were not hungry.
You had blades for hands.
You visited 1 branch of the dungeon, and saw 7 of its levels.

You collected 112 gold pieces.
You spent 60 gold pieces at shops.

Inventory:

Hand Weapons
 f - a +0 dagger of venom
   (You took it off a kobold on level 1 of the Dungeon)
 j - the +5 trident "Xuck" (melded) {freeze, Int+6 Dex-3}
   (You found it on level 7 of the Dungeon)

   It has been specially enchanted to freeze those struck by it, causing extra
   injury to most foes and up to half again as much damage against particularly
   susceptible opponents.
   It can also slow down cold-blooded creatures.
   It affects your intelligence (+6).
   It affects your dexterity (-3).
 p - a +0 war axe
 t - a +1 flail of protection
   (You found it on level 3 of the Dungeon)
Missiles
 a - 12 arrows
 e - 5 curare-tipped needles
 i - 56 stones (quivered)
 o - 6 tomahawks
Armour
 b - a +0 robe (worn)
 F - a +0 pair of boots (worn)
Jewellery
 k - a ring of flight (left scythe-like blade)
   (You found it on level 1 of the Dungeon)
Wands
 d - a wand of digging (13)
Scrolls
 h - a scroll of enchant armour
 r - 4 scrolls of remove curse
Potions
 g - a potion of brilliance
 m - a potion of haste
 n - 2 potions of magic
 q - a potion of lignification
 u - a potion of curing
 v - a potion of cancellation
Books
 l - a book of Changes

   Spells                             Type                      Level
   a - Beastly Appendage              Transmutation                1
   b - Sticks to Snakes               Transmutation                2
   c - Spider Form                    Transmutation/Poison         3
   d - Ice Form                       Ice/Transmutation            4
   e - Blade Hands                    Transmutation                5
 s - a book of Debilitation
   (You found it on level 7 of the Dungeon)

   Spells                             Type                      Level
   a - Corona                         Hexes                        1
   b - Slow                           Hexes                        2
   c - Inner Flame                    Hexes/Fire                   3
   d - Portal Projectile              Hexes/Translocation          3
   e - Cause Fear                     Hexes                        4
   f - Leda's Liquefaction            Hexes/Earth                  4
Comestibles
 c - 5 rations


   Skills:
 + Level 5.6 Fighting
 + Level 4.9 Short Blades
 + Level 4.9 Long Blades
 + Level 4.9 Axes
 + Level 4.9 Maces & Flails
 + Level 4.9 Polearms
 + Level 4.9 Staves
 + Level 4.9 Slings
 + Level 4.9 Bows
 + Level 4.9 Crossbows
 + Level 4.9 Throwing
 + Level 4.9 Armour
 + Level 6.8 Dodging
 + Level 4.9 Stealth
 + Level 4.9 Shields
 + Level 8.2 Unarmed Combat
 + Level 7.1 Spellcasting
 + Level 4.0 Conjurations
 + Level 4.0 Hexes
 + Level 4.0 Charms
 + Level 4.0 Summonings
 + Level 4.0 Necromancy
 + Level 4.0 Translocations
 + Level 5.6 Transmutations
 + Level 4.0 Fire Magic
 + Level 4.0 Ice Magic
 + Level 4.0 Air Magic
 + Level 4.0 Earth Magic
 + Level 4.0 Poison Magic
 + Level 5.3 Invocations
 + Level 4.9 Evocations


You had 9 spell levels left.
You knew the following spells:

 Your Spells              Type           Power        Failure   Level  Hunger
e - Beastly Appendage     Tmut           ####..       16%         1    None
h - Blade Hands           Tmut           ####......   73%         5    #####..
k - Sticks to Snakes      Tmut           ####....     19%         2    None
p - Spider Form           Tmut/Pois      ###.......   32%         3    ##.....


Dungeon Overview and Level Annotations

Branches:
Dungeon (7/15)
 Temple: D:4-7

Altars:

Shops:
D:4 !


Innate Abilities, Weirdness & Mutations

Your experience applies equally to all skills.
You have very sharp teeth.
Your uncanny sense of smell can sniff out nearby items.


Message History

c - 5 rations (in branch)
You swing at nothing.
You swing at nothing.
You swing at nothing.
You swing at nothing.
You swing at nothing.
You swing at nothing.
You swing at nothing.
You swing at nothing.
You swing at nothing.
You swing at nothing.
You swing at nothing.
You swing at nothing.
You swing at nothing.
You swing at nothing.
You swing at nothing.
You swing at nothing.
Your adder withers and dies!
You cannot move.
You swing at nothing.
You swing at nothing.
You swing at nothing.
Your transformation is almost over.
You swing at nothing.
You swing at nothing.
You swing at nothing.
You swing at nothing.
You swing at nothing.
You swing at nothing.
You feel less wooden.
Your +0 pair of boots unmelds from your body.
Your +0 robe unmelds from your body.
Items here: ))) [[[
Okay, then.
Wield which item (- for none, * to show all)? (? for menu, Esc to quit)
The +5 trident "Xuck" {freeze, Int+6 Dex-3} glows with a cold blue light!
j - the +5 trident "Xuck" (weapon)
{freeze, Int+6 Dex-3}
Found a robe.
A hippogriff comes into view.
The hippogriff screeches!
Found a scroll of immolation.
A hound zombie comes into view.
Okay, then.
Attack whom?
Press: ? - help, Dir - move target cursor, f - hound zombie
Aim: a hound zombie You reach to attack!
You puncture the hound zombie!
The hound zombie is heavily damaged.
The hound zombie closely misses you. The hound zombie barely misses you.
Casting: Sticks to Snakes
Confirm with . or Enter, or press ? or * to list all spells.
You create 2 snakes!
You now have 12 arrows.
The hound zombie closely misses you.
You puncture the hound zombie!
The hound zombie is severely damaged.
The hound zombie bites you but does no damage.
You barely miss the hound zombie.
The hound zombie is severely damaged.
The hound zombie bites you but does no damage.
Your adder bites the hound zombie.
The hound zombie misses you.
You closely miss the hound zombie.
The hound zombie is almost destroyed.
Your adder bites the hound zombie.
The hound zombie is destroyed!
Your adder bites the hippogriff.
You barely miss the hippogriff. Your bite misses the hippogriff.
The hippogriff is lightly wounded.
The hippogriff closely misses you. The hippogriff misses you.
The hippogriff barely misses you.
Your adder barely misses the hippogriff.
You puncture the hippogriff! You freeze the hippogriff.
The hippogriff is moderately wounded.
Your adder bites the hippogriff but does no damage.
The hippogriff closely misses you. The hippogriff pecks you.
* * * LOW HITPOINT WARNING * * *
The hippogriff closely misses you.
Casting: Sticks to Snakes
Confirm with . or Enter, or press ? or * to list all spells.
Your hands turn into razor-sharp scythe blades.
The +5 trident "Xuck" {freeze, Int+6 Dex-3} melds into your body.
The +5 trident "Xuck" {freeze, Int+6 Dex-3} stops glowing.
Your adder completely misses the hippogriff.
The hippogriff barely misses you.
The hippogriff pecks you but does no damage.
The hippogriff claws you.
* * * LOW HITPOINT WARNING * * *
Your adder closely misses the hippogriff.
Unknown command.
You slice the hippogriff!!
The hippogriff is severely wounded.
The hippogriff barely misses you. The hippogriff pecks you!
* * * LOW HITPOINT WARNING * * *
The hippogriff claws you!
* * * LOW HITPOINT WARNING * * *
Your adder completely misses the hippogriff.
You slash the hippogriff!
The hippogriff is almost dead.
The hippogriff bites you!
You die...

.... #..# ###.## ∆ ..% .....
#..# .h $.#### ##.# #. # ###
#.## #...##### #..# #....?#
#.##### ##.##### #.#####
#.....####...#...
#####.....#########............
..............H@S.....#.........
###############S......#....[....
#.......#.........
#.......##........
#.......###...#... #.......#
######## #.......# #########


You could see a hippogriff and 2 friendly adders.

Vanquished Creatures
  A centaur (D:6)
  4 wights (D:7)
  4 hounds
  2 iguanas
  A hound skeleton (D:4)
  A worker ant zombie (D:5)
  5 adders
  An adder skeleton (D:5)
  A worm (D:3)
  A leopard gecko (D:2)
  An orc (D:4)
  8 bats
  A giant cockroach (D:2)
  5 goblins
  3 hobgoblins
  4 jackals (D:7)
  8 kobolds
  A quokka (D:7)
  6 rats
58 creatures vanquished.

Vanquished Creatures (collateral kills)
  A worker ant (D:6)
  A hound zombie (D:7)
  A goblin (D:3)
  A jackal (D:7)
  A frilled lizard (D:3)
5 creatures vanquished.

Grand Total: 63 creatures vanquished

Notes
Turn   | Place    | Note
-------+----------+-------------------------------------------
     0 | D:1      | tidbits the Gnoll Transmuter began the quest for the Orb.
     0 | D:1      | Reached XP level 1. HP: 17/17 MP: 6/6
    86 | D:1      | Reached XP level 2. HP: 5/23 MP: 7/7
    90 | D:1      | Learned a level 2 spell: Sticks to Snakes
   263 | D:2      | Reached XP level 3. HP: 10/28 MP: 7/9
   268 | D:2      | Learned a level 3 spell: Spider Form
   305 | D:2      | Reached skill level 5 in Spellcasting
   331 | D:2      | Reached skill level 1 in Invocations
   398 | D:2      | You fall through a shaft!
   562 | D:3      | Reached skill level 1 in Short Blades
   562 | D:3      | Reached skill level 1 in Long Blades
   562 | D:3      | Reached skill level 1 in Axes
   562 | D:3      | Reached skill level 1 in Maces & Flails
   562 | D:3      | Reached skill level 1 in Polearms
   562 | D:3      | Reached skill level 1 in Staves
   562 | D:3      | Reached skill level 1 in Slings
   562 | D:3      | Reached skill level 1 in Bows
   562 | D:3      | Reached skill level 1 in Crossbows
   562 | D:3      | Reached skill level 1 in Throwing
   562 | D:3      | Reached skill level 1 in Armour
   562 | D:3      | Reached skill level 1 in Stealth
   562 | D:3      | Reached skill level 1 in Shields
   562 | D:3      | Reached skill level 1 in Evocations
   596 | D:2      | Reached XP level 4. HP: 32/34 MP: 1/11
   652 | D:4      | Found Zian Hoym's Distillery.
   662 | D:4      | Bought a potion of lignification for 30 gold pieces
   662 | D:4      | Bought a potion of lignification for 30 gold pieces
   768 | D:4      | Reached skill level 1 in Conjurations
   768 | D:4      | Reached skill level 1 in Hexes
   768 | D:4      | Reached skill level 1 in Charms
   768 | D:4      | Reached skill level 1 in Summonings
   768 | D:4      | Reached skill level 1 in Necromancy
   768 | D:4      | Reached skill level 1 in Translocations
   768 | D:4      | Reached skill level 1 in Fire Magic
   768 | D:4      | Reached skill level 1 in Ice Magic
   768 | D:4      | Reached skill level 1 in Air Magic
   768 | D:4      | Reached skill level 1 in Earth Magic
   768 | D:4      | Reached skill level 1 in Poison Magic
   777 | D:5      | Entered Level 5 of the Dungeon
   814 | D:5      | Reached XP level 5. HP: 34/40 MP: 12/12
   835 | D:6      | Noticed a centaur
   843 | D:6      | Killed a centaur
   843 | D:6      | Reached skill level 3 in Fighting
   843 | D:6      | Reached skill level 4 in Transmutations
   844 | D:6      | HP: 6/61 [worker ant (2)]
   906 | D:6      | Reached XP level 6. HP: 15/47 MP: 8/13
   919 | D:5      | Reached skill level 2 in Invocations
   953 | D:5      | Reached skill level 5 in Fighting
   953 | D:5      | Reached skill level 4 in Short Blades
   953 | D:5      | Reached skill level 4 in Long Blades
   953 | D:5      | Reached skill level 4 in Axes
   953 | D:5      | Reached skill level 4 in Maces & Flails
   953 | D:5      | Reached skill level 4 in Polearms
   953 | D:5      | Reached skill level 4 in Staves
   953 | D:5      | Reached skill level 4 in Slings
   953 | D:5      | Reached skill level 4 in Bows
   953 | D:5      | Reached skill level 4 in Crossbows
   953 | D:5      | Reached skill level 4 in Throwing
   953 | D:5      | Reached skill level 4 in Armour
   953 | D:5      | Reached skill level 6 in Dodging
   953 | D:5      | Reached skill level 4 in Stealth
   953 | D:5      | Reached skill level 4 in Shields
   953 | D:5      | Reached skill level 8 in Unarmed Combat
   953 | D:5      | Reached skill level 7 in Spellcasting
   953 | D:5      | Reached skill level 3 in Conjurations
   953 | D:5      | Reached skill level 3 in Hexes
   953 | D:5      | Reached skill level 3 in Charms
   953 | D:5      | Reached skill level 3 in Summonings
   953 | D:5      | Reached skill level 3 in Necromancy
   953 | D:5      | Reached skill level 3 in Translocations
   953 | D:5      | Reached skill level 5 in Transmutations
   953 | D:5      | Reached skill level 3 in Fire Magic
   953 | D:5      | Reached skill level 3 in Ice Magic
   953 | D:5      | Reached skill level 3 in Air Magic
   953 | D:5      | Reached skill level 3 in Earth Magic
   953 | D:5      | Reached skill level 3 in Poison Magic
   953 | D:5      | Reached skill level 5 in Invocations
   953 | D:5      | Reached skill level 4 in Evocations
   953 | D:5      | Reached XP level 7. HP: 10/56 MP: 9/17
  1060 | D:6      | Reached skill level 4 in Conjurations
  1060 | D:6      | Reached skill level 4 in Hexes
  1060 | D:6      | Reached skill level 4 in Charms
  1060 | D:6      | Reached skill level 4 in Summonings
  1060 | D:6      | Reached skill level 4 in Necromancy
  1060 | D:6      | Reached skill level 4 in Translocations
  1060 | D:6      | Reached skill level 4 in Fire Magic
  1060 | D:6      | Reached skill level 4 in Ice Magic
  1060 | D:6      | Reached skill level 4 in Air Magic
  1060 | D:6      | Reached skill level 4 in Earth Magic
  1060 | D:6      | Reached skill level 4 in Poison Magic
  1067 | D:7      | Got an encrusted trident
  1068 | D:7      | Identified the +5 trident "Xuck" {freeze, Int+6 Dex-3} (You found it on level 7 of the Dungeon)
  1125 | D:7      | Learned a level 5 spell: Blade Hands
  1234 | D:7      | Noticed a hippogriff
  1253 | D:7      | HP: 5/56 [hippogriff (9)]
  1254 | D:7      | Slain by a hippogriff

Skill      XL: |  1  2  3  4  5  6  7 |
---------------+----------------------+-----
Spellcasting   | 5 7 |  7.1
Invocations    | 1 5 |  5.3
Short Blades   | 1 4 |  4.9
Long Blades    | 1 4 |  4.9
Axes           | 1 4 |  4.9
Maces & Flails | 1 4 |  4.9
Polearms       | 1 4 |  4.9
Staves         | 1 4 |  4.9
Slings         | 1 4 |  4.9
Bows           | 1 4 |  4.9
Crossbows      | 1 4 |  4.9
Throwing       | 1 4 |  4.9
Armour         | 1 4 |  4.9
Stealth        | 1 4 |  4.9
Shields        | 1 4 |  4.9
Evocations     | 1 4 |  4.9
Conjurations   | 1 3 4 |  4.0
Hexes          | 1 3 4 |  4.0
Charms         | 1 3 4 |  4.0
Summonings     | 1 3 4 |  4.0
Necromancy     | 1 3 4 |  4.0
Translocations | 1 3 4 |  4.0
Fire Magic     | 1 3 4 |  4.0
Ice Magic      | 1 3 4 |  4.0
Air Magic      | 1 3 4 |  4.0
Earth Magic    | 1 3 4 |  4.0
Poison Magic   | 1 3 4 |  4.0
Fighting       | 3 5 |  5.6
Transmutations | 4 5 |  5.6
Dodging        | 6 |  6.8
Unarmed Combat | 8 |  8.2

Action                   |  1- 3 |  4- 6 |  7- 9 || total
-------------------------+-------+-------+-------++-------
Melee: Dagger            |    35 |     1 |       ||    36
       Bite              |     3 |     3 |     1 ||     7
       Unarmed           |    30 |    19 |    30 ||    79
       Kick              |     1 |       |       ||     1
       Headbutt          |     3 |       |       ||     3
       Flail             |       |    19 |       ||    19
       Trident           |       |       |    22 ||    22
 Cast: Beastly Appendage |     5 |     1 |       ||     6
       Sticks to Snakes  |     6 |     4 |     9 ||    19
       Spider Form       |     6 |     4 |     2 ||    12
       Blade Hands       |       |       |     2 ||     2
  Use: Scroll            |     4 |     4 |       ||     8
       Potion            |     2 |     7 |     1 ||    10
 Stab: Sleeping          |     3 |     1 |     1 ||     5
       Distracted        |     1 |       |     2 ||     3
       Invisible         |       |       |     2 ||     2
  Eat: Ration            |       |     1 |       ||     1
Armor: Robe              |     6 |     6 |     3 ||    15
       Skin              |       |    11 |     2 ||    13
Dodge: Dodged            |    56 |    25 |    26 ||   107

Table legend:
 A = Turns spent in this place as a percentage of turns spent in the entire game.
 B = Non-inter-level travel turns spent in this place as a percentage of non-inter-level travel turns spent in the entire game.
 C = Inter-level travel turns spent in this place as a percentage of turns spent in this place.
 D = Turns resting spent in this place as a percentage of non-inter-level travel turns spent in this place.
 E = Turns spent auto-exploring this place as a percentage of non-inter-level travel turns spent in this place.
 F = Non-inter-level travel turns spent in this place divided by the number of levels of this place that you've seen.
                   A       B       C       D       E      F
               +-------+-------+-------+-------+-------+----------------------
         Total | 100.0 | 100.0 |   0.0 |   0.0 |   0.0 | 179.1
       Dungeon | 100.0 | 100.0 |   0.0 |   0.0 |   0.0 | 179.1
               +-------+-------+-------+-------+-------+----------------------

Table legend:
 A = Kills in this place as a percentage of kills in entire the game.
 B = Kills by you in this place as a percentage of kills by you in the entire game.
 C = Kills by friends in this place as a percentage of kills by friends in the entire game.
 D = Other kills in this place as a percentage of other kills in the entire game.
 E = Experience gained in this place as a percentage of experience gained in the entire game.
 F = Experience gained in this place divided by the number of levels of this place that you have seen.
                   A       B       C       D       E      F
               +-------+-------+-------+-------+-------+----------------------
         Total | 100.0 | 100.0 | 100.0 |   N/A | 100.0 | 108.3
       Dungeon | 100.0 | 100.0 | 100.0 |   N/A | 100.0 | 108.3
               +-------+-------+-------+-------+-------+----------------------

Vault maps used:
D:1:      onia_arrival_larder
D:2:      serial_bayou_lagoon_a
D:4:      first_ration, serial_shops, shop, shop_fountains, shop, shop, shop,
          evilmike_ruin_ashenzari
D:5:      cheibrodos_barr_body, minmay_temple_entry_mist, roderic_batcave
D:6:      grunt_ministairs_8, minmay_guarded_unrand_staff_of_olgreb
